 Dungeon Crawl Stone Soup version 0.21-a0-2-ge494091 (webtiles) character file.

13790 Chiseanne the Nimble (level 12, -7/86 HPs)
             Began as a Barachi Monk on May 22, 2017.
             Was an Elder of Wu Jian.
             Mangled by a freezing wraith (10 damage)
             ... led by a death knight
             ... on level 10 of the Dungeon.
             The game lasted 00:31:49 (13559 turns).

Chiseanne the Nimble (Barachi Monk)                Turns: 13559, Time: 00:31:50

Health: -7/86      AC: 13    Str: 17    XL:     12   Next: 9%
Magic:  16/16      EV: 24    Int: 18    God:    Wu Jian [****..]
Gold:   77         SH: 13    Dex: 24    Spells: 14/17 levels left

rFire    + . .     SeeInvis .   a - +4 long sword (elec)
rCold    . . .     Gourm    .   u - +0 buckler
rNeg     . . .     Faith    .   m - +2 ring mail {rF+}
rPois    .         Spirit   .   K - +0 helmet of Polytheism {Str+4 Int+6} (curse)
rElec    .         Reflect  +   B - +0 cloak
rCorr    .         Harm     .   O - +0 pair of gloves (curse)
MR       .....                  (no boots)
Stlth    ++........             A - +5 amulet of reflection
Regen    0.3/turn               p - +3 ring of evasion
MPRegen  0.2/turn               Q - +6 ring of dexterity

@: slowed, very slow
A: +LOS, swims, slowness 1, strong legs 1
a: Hop, Serpent's Lash, Renounce Religion


You were on level 10 of the Dungeon.
You worshipped Wu Jian.
Wu Jian was greatly pleased with you.
You were not hungry.

You visited 2 branches of the dungeon, and saw 12 of its levels.

You collected 669 gold pieces.
You spent 592 gold pieces at shops.

Inventory:

Hand Weapons
 a - a +4 long sword of electrocution (weapon)
 M - a +0 blowgun
Missiles
 g - 95 bolts
 i - 232 stones (quivered)
 j - 36 sling bullets
 n - 21 tomahawks
 R - 5 poisoned needles
 T - 6 javelins
 U - 5 javelins of returning
Armour
 m - a +2 ring mail of fire resistance (worn)
 u - a +0 buckler (worn)
 B - a +0 cloak (worn)
 K - the cursed +0 helmet of Polytheism (worn) {Str+4 Int+6}
   (You found it on level 8 of the Dungeon)

   It affects your strength (+4).
   It affects your intelligence (+6).
   It has a curse placed upon it.
 O - a cursed +0 pair of gloves (worn)
Jewellery
 k - an uncursed ring of flight
 p - a +3 ring of evasion (left hand)
 y - an uncursed amulet of faith {unknown}
 A - a +5 amulet of reflection (around neck)
 G - an uncursed amulet of faith {unknown}
 P - an uncursed ring of protection from fire
 Q - a +6 ring of dexterity (right hand)
Wands
 r - a wand of iceblast (0/15)
 I - a wand of confusion (20/48)
 V - a wand of lightning (0/15)
 W - a wand of clouds (1/9)
Scrolls
 q - 4 scrolls of remove curse
 s - 2 scrolls of teleportation
 D - 2 scrolls of enchant armour
 E - 2 scrolls of amnesia
 S - a scroll of immolation
Potions
 c - 2 potions of lignification
 d - 3 potions of brilliance
 e - 4 potions of flight
 h - 2 potions of resistance
 l - 2 potions of heal wounds
 o - a potion of cancellation {unknown}
 t - a potion of degeneration {unknown}
 w - a potion of agility
 x - 3 potions of curing
 N - a potion of mutation {unknown}
 Y - a potion of might
Books
 C - a book of Conjurations

   Spells                             Type                      Level
   a - Magic Dart                     Conjuration                  1
   b - Searing Ray                    Conjuration                  2
   c - Dazzling Spray                 Conjuration/Hexes            3
   d - Fulminant Prism                Conjuration/Hexes            4
   e - Force Lance                    Conjuration/Translocation    4
   f - Iskenderun's Mystic Blast      Conjuration                  4
 F - a book of Misfortune

   Spells                             Type                      Level
   a - Confusing Touch                Hexes                        1
   b - Confuse                        Hexes                        3
   c - Gell's Gravitas                Translocation                3
   d - Petrify                        Transmutation/Earth          4
   e - Metabolic Englaciation         Hexes/Ice                    5
   f - Yara's Violent Unravelling     Hexes/Transmutation          5
 H - a book of Changes

   Spells                             Type                      Level
   a - Beastly Appendage              Transmutation                1
   b - Sticks to Snakes               Transmutation                2
   c - Spider Form                    Transmutation/Poison         3
   d - Ice Form                       Ice/Transmutation            4
   e - Blade Hands                    Transmutation                5
 L - a book of Debilitation

   Spells                             Type                      Level
   a - Corona                         Hexes                        1
   b - Slow                           Hexes                        2
   c - Inner Flame                    Hexes/Fire                   3
   d - Portal Projectile              Hexes/Translocation          3
   e - Cause Fear                     Hexes                        4
   f - Leda's Liquefaction            Hexes/Earth                  4
 X - a book of Frost

   Spells                             Type                      Level
   a - Freeze                         Ice                          1
   b - Throw Frost                    Conjuration/Ice              2
   c - Ozocubu's Armour               Charms/Ice                   3
   d - Throw Icicle                   Conjuration/Ice              4
   e - Summon Ice Beast               Ice/Summoning                4
Comestibles
 b - 6 bread rations
 f - 6 fruits
 z - 5 meat rations
 J - 11 royal jellies


   Skills:
 - Level 5.5 Fighting
   Level 2.9(6.7) Short Blades
 * Level 10.3(10.5) Long Blades
 - Level 10.8 Armour
 * Level 11.0 Dodging
 - Level 1.7 Stealth
 * Level 10.0 Shields
 - Level 3.2 Unarmed Combat
 * Level 3.0 Spellcasting


You had 14 spell levels left.
You knew the following spells:

 Your Spells              Type           Power        Failure   Level  Hunger
a - Confuse               Hex            #.......     61%         3    ###....


Dungeon Overview and Level Annotations

Branches:
Dungeon (11/15)            Temple (1/1) D:6            Lair (0/6) D:8
    Orc (0/2) D:10

Altars:
Ashenzari
Cheibriados
Dithmenos
Elyvilon
Gozag
Hepliaklqana
Kikubaaqudgha
Makhleb
Nemelex Xobeh
Okawaru
Qazlal
Ru
Sif Muna
Trog
Uskayaw
Vehumet
Wu Jian
Xom
Yredelemnul
Zin
The Shining One

Shops:
D:4 (   D:8 !   D:10 ?

Portals:
Trove: D:10 (show abyssal rune of Zot)

Annotations:
D:6 tape's ghost, novice DrFi
D:9 1 runed door


Innate Abilities, Weirdness & Mutations

Shadows flee at your approach. (+LOS)
You can swim through water.
You cover ground slowly.
You can hop short distances.


Message History

The freezing wraith hits you. The freezing wraith freezes you!
The freezing wraith hits you but does no damage.
There is a stone staircase leading up, spattered with blood here.
You see here 2 arrows.
The freezing wraith completely misses you.
The freezing wraith barely misses you.
You climb upwards.
There is a stone staircase leading down, spattered with blood here.
You hit the freezing wraith but do no damage.
The freezing wraith completely misses you.
The freezing wraith hits you. The freezing wraith drains your vigour!
You feel yourself slow down.
You barely miss the freezing wraith. The freezing wraith hits you!
* * * LOW HITPOINT WARNING * * *
The freezing wraith freezes you!!
* * * LOW HITPOINT WARNING * * *
The freezing wraith completely misses you.
You hit the freezing wraith but do no damage.
The freezing wraith hits you!
You die...

#.#####....'..>.....###..##
#.#.....####.......##.##..##
##.#.##### #......##...##..#
.....# #.....##..#..##.#
##.### #.....#..###..#.# #.#
#.....#.##.##.#.# #.##
#.....#.#...#.#.# #..#
#####'#.#.#.#.#.# ##.#
#@.#.#.#∩#.#.# ##.######
#.W#.#.###.#.# #......[#
#####+.#.#..#..#.# #.......#
#......#.##...##.#
##.......###......#..##.##..#
.#.........#......##..###..##
.........#.+....>..##..#..##
##.......###.......###...##
#.......# ######'#####.##


You could see a freezing wraith.

Vanquished Creatures
  Erolcha (D:9)
  3 two-headed ogres
  A skeletal warrior (D:11)
  The ghost of newuser the Zephyrmancer, a novice TeAE of Vehumet (D:7)
  The ghost of Naow the Thaumaturge, a novice DEFE of Vehumet (D:8)
  A manticore (D:10)
  A gargoyle (D:10)
  A centaur skeleton (D:11)
  The ghost of Angani the Cutter, a novice VSFi of Uskayaw (D:5)
  Grinder (D:6)
  20 yaks
  A vampire (D:9)
  2 wraiths (D:11)
  2 wyverns (D:8)
  A hungry ghost (D:10)
  A water moccasin (D:9)
  6 orc warriors
  3 ice beasts
  A phantom (D:6)
  A sky beast (D:10)
  2 ogres
  10 centaurs
  A big kobold (D:10)
  The ghost of Naow the Firebug, an amateur OpFE (D:3)
  3 bullfrogs
  A wyvern zombie (D:7)
  A scorpion (D:5)
  9 killer bees
  5 wights (D:9)
  2 howler monkeys
  2 crimson imps
  A bullfrog zombie (D:6)
  4 jellies
  5 hounds
  3 orc priests
  A gnoll shaman (D:4)
  5 orc wizards
  2 bullfrog skeletons
  4 iguanas
  10 worker ants
  2 hound skeletons (D:5)
  5 gnolls (D:4)
  A howler monkey skeleton (D:8)
  16 adders
  A shadow imp (D:10)
  8 oozes
  An adder zombie (D:6)
  3 worms
  A dart slug (D:2)
  6 leopard geckos
  38 orcs
  4 bats
  6 giant cockroaches
  4 goblins
  9 hobgoblins
  4 jackals
  7 quokkas
  2 ball pythons (D:2)
  3 frilled lizards
  8 kobolds
  A quokka skeleton (D:4)
  A quokka zombie (D:10)
  7 rats
260 creatures vanquished.

Notes
Turn   | Place    | Note
-------+----------+-------------------------------------------
     0 | D:1      | Chiseanne the Barachi Monk began the quest for the Orb.
     0 | D:1      | Reached XP level 1. HP: 18/18 MP: 1/1
   448 | D:1      | Reached XP level 2. HP: 21/25 MP: 2/2
   990 | D:1      | Reached skill level 1 in Armour
  1472 | D:2      | Reached XP level 3. HP: 5/31 MP: 3/3
  1789 | D:2      | Found an iron altar of Okawaru.
  2083 | D:2      | Reached skill level 4 in Dodging
  2083 | D:2      | Reached XP level 4. HP: 27/38 MP: 4/4
  2761 | D:3      | Noticed Naow's ghost (amateur OpFE)
  3268 | D:4      | Reached XP level 5. HP: 41/43 MP: 5/5
  3270 | D:4      | Reached skill level 1 in Shields
  3273 | D:4      | Reached skill level 5 in Fighting
  3304 | D:4      | Reached XP level 6. HP: 40/51 MP: 6/6
  3903 | D:4      | Found Oguheqa's Weapon Shop.
  4129 | D:3      | Killed Naow's ghost
  4129 | D:3      | Reached skill level 1 in Short Blades
  4218 | D:3      | Found a white marble altar of Elyvilon.
  4304 | D:5      | Entered Level 5 of the Dungeon
  4379 | D:5      | Reached skill level 5 in Dodging
  4511 | D:5      | Found a glowing golden altar of the Shining One.
  4556 | D:5      | Reached XP level 7. HP: 53/56 MP: 7/7
  4576 | D:5      | Noticed Angani's ghost (novice VSFi)
  4830 | D:5      | Killed Angani's ghost
  4845 | D:5      | Reached skill level 5 in Armour
  4915 | D:5      | Found a shadowy altar of Dithmenos.
  5439 | D:4      | Bought a +3 long sword of electrocution for 334 gold pieces
  5496 | D:6      | Noticed tape's ghost (novice DrFi)
  5510 | D:5      | Reached XP level 8. HP: 49/63 MP: 8/8
  6069 | D:5      | Reached skill level 1 in Long Blades
  6069 | D:5      | Reached skill level 6 in Dodging
  6376 | D:6      | Noticed Grinder
  6401 | D:6      | Killed Grinder
  7045 | D:6      | Found a staircase to the Ecumenical Temple.
  7071 | D:6      | Reached skill level 5 in Shields
  7088 | Temple   | Entered the Ecumenical Temple
  7526 | D:6      | Reached skill level 7 in Dodging
  7526 | D:6      | Reached XP level 9. HP: 68/68 MP: 9/9
  7788 | D:6      | Found a deep blue altar of Sif Muna.
  8063 | D:7      | Noticed newuser's ghost (novice TeAE)
  8071 | D:7      | Killed newuser's ghost
  8071 | D:7      | Reached skill level 5 in Long Blades
  8331 | D:7      | Found an opulent altar of Gozag.
  8956 | D:7      | Reached skill level 8 in Dodging
  9256 | D:7      | Found an ancient bone altar of Kikubaaqudgha.
  9517 | D:7      | Found a faded altar of an unknown god.
  9517 | D:7      | Found an ornate altar of the Wu Jian Council.
  9522 | D:7      | Found a hazy altar of Hepliaklqana.
  9525 | D:7      | Became a worshipper of the Wu Jian Council
  9525 | D:7      | Reached * piety under Wu Jian
  9525 | D:7      | Reached ** piety under Wu Jian
  9528 | D:7      | Found a burning altar of Makhleb.
  9530 | D:7      | Found a sacrificial altar of Ru.
  9649 | D:8      | Noticed Naow's ghost (novice DEFE)
  9671 | D:8      | Got a fine chain mail
  9692 | D:8      | Killed Naow's ghost
  9692 | D:8      | Reached XP level 10. HP: 71/74 MP: 10/10
  9703 | D:8      | Identified the cursed +0 chain mail of the Mind {Dex+2} (You found it on level 8 of the Dungeon)
  9774 | D:8      | Found a stormy altar of Qazlal.
 10211 | D:8      | Found Guisan's Distillery.
 10218 | D:8      | Bought a potion of heal wounds for 50 gold pieces
 10218 | D:8      | Bought a potion of curing for 30 gold pieces
 10218 | D:8      | Bought a potion of haste for 100 gold pieces
 10218 | D:8      | Bought a potion of agility for 40 gold pieces
 10236 | D:8      | Found a staircase to the Lair.
 10240 | D:8      | Got a dazzling helmet
 10253 | D:8      | Identified the cursed +0 helmet of Polytheism {Str+4 Int+6} (You found it on level 8 of the Dungeon)
 10353 | D:8      | Noticed a two-headed ogre
 10360 | D:8      | Killed a two-headed ogre
 10695 | D:9      | Found a runed door.
 10771 | D:8      | Reached skill level 9 in Dodging
 10883 | D:9      | Noticed a two-headed ogre
 10896 | D:9      | Killed a two-headed ogre
 11261 | D:9      | Noticed a sixfirhy
 11300 | D:9      | Noticed Erolcha
 11303 | D:9      | Paralysed by Erolcha for 2 turns
 11311 | D:9      | Killed Erolcha
 11311 | D:9      | Reached skill level 10 in Armour
 11311 | D:9      | Reached XP level 11. HP: 79/80 MP: 11/11
 11573 | D:9      | Noticed a two-headed ogre
 11582 | D:9      | Killed a two-headed ogre
 11582 | D:9      | Reached skill level 10 in Dodging
 11692 | D:10     | Entered Level 10 of the Dungeon
 11764 | D:10     | Found a portal to a secret trove of treasure.
 11876 | D:10     | Found Irumpeov's Magic Scroll Shoppe.
 11888 | D:10     | Bought a scroll of immolation for 38 gold pieces
 11952 | D:10     | Reached *** piety under Wu Jian
 12809 | D:10     | Found a staircase to the Orcish Mines.
 13028 | D:11     | Reached **** piety under Wu Jian
 13031 | D:11     | Noticed a manticore
 13042 | D:11     | Reached skill level 1 in Spellcasting
 13061 | D:10     | Killed a manticore
 13061 | D:10     | Reached skill level 10 in Long Blades
 13308 | D:11     | Reached XP level 12. HP: 62/86 MP: 15/15
 13322 | D:11     | Learned a level 3 spell: Confuse
 13432 | D:11     | Reached skill level 11 in Dodging
 13432 | D:11     | Reached skill level 10 in Shields
 13518 | D:11     | Noticed a death knight
 13558 | D:10     | HP: 2/86 [freezing wraith[a death knight] (20)]
 13559 | D:10     | Mangled by a freezing wraith

Vault maps used:
D:1:      mrwooster_arrival_statue_2
D:2:      lemuel_round_altar
D:3:      old_standard_altar, first_bread
D:4:      serial_shops, nicolae_shop_waterfront
D:5:      marbit_many_paths, tso_altar
D:6:      nicolae_overflow_hidden_temple, nicolae_overflow_crystal_walls,
          temple_statues, serial_corexii_hall, corexii_hall_statues_s,
          corexii_hall_statues_l, corexii_hall_statues_l,
          hangedman_decor_lopped, kennysheep_generic_room_13, uniq_grinder
D:7:      kennysheep_little_box, grunt_gozag_breadcrumbs,
          chequers_temple_overflow_minitemple
D:8:      grunt_qazlal_sundering, lair_entry_dummy, serial_shops, shop,
          hangedman_little_slice_of_home
D:9:      cheibrodos_shockbox, uniq_erolcha
D:10:     david_orc_4, trove_entry_hex_spiral, serial_shops, shop
D:11:     evilmike_minifort
Temple:   zaba_magenta_temple

Skill      XL: |  1  2  3  4  5  6  7  8  9 10 11 12 |
---------------+-------------------------------------+-----
Fighting       | 4 5 |  5.5
Armour         | 1 2 3 4 5 6 8 10 | 10.8
Dodging        | 4 5 7 8 9 10 11 | 11.0
Shields        | 1 2 3 5 7 8 9 10 | 10.0
Short Blades   | 1 2 |  2.9
Long Blades    | 3 6 8 10 | 10.3
Spellcasting   | 2 3 |  3.0
Stealth        | |  1.7
Unarmed Combat | |  3.2

Action                   |  1- 3 |  4- 6 |  7- 9 | 10-12 || total
-------------------------+-------+-------+-------+-------++-------
Melee: Unarmed           |   170 |   168 |       |       ||   338
       Punch             |     3 |     1 |       |       ||     4
       Rapier            |       |    54 |    34 |       ||    88
       Long sword        |       |       |   203 |   392 ||   595
 Fire: Blowgun           |       |       |       |     8 ||     8
Throw: Stone             |       |       |       |     4 ||     4
Evoke: Wand              |       |       |       |     9 ||     9
  Use: Scroll            |     5 |     5 |     5 |     4 ||    19
       Potion            |       |     1 |     3 |     3 ||     7
 Stab: Sleeping          |       |       |     2 |     1 ||     3
       Distracted        |       |       |       |     1 ||     1
       Confused          |       |       |       |     1 ||     1
  Eat: Chunk             |     4 |     9 |    14 |    14 ||    41
       Royal jelly       |       |       |     2 |       ||     2
Armor: Leather armour    |     8 |       |       |       ||     8
       Scale mail        |    49 |    11 |       |       ||    60
       Ring mail         |       |    41 |    37 |    32 ||   110
Dodge: Dodged            |    94 |   126 |   161 |   202 ||   583
Block: Buckler           |       |    74 |   117 |   196 ||   387
       Reflection        |       |       |     4 |     8 ||    12
       Rpst.: Long sword |       |       |    54 |    46 ||   100
